 Dungeon Crawl Stone Soup version 0.30-a0-946-gec5dcfc036 (webtiles) character file.

Game seed: 13441613346644622172

2747 gohu the Cleaver (level 9, -3/121 HPs)
             Began as a Hill Orc Fighter on Mar 26, 2023.
             Was a Priest of Okawaru.
             Slain by a two-headed ogre
             ... wielding a +0 giant club
              (12 damage)
             ... on level 7 of the Dungeon.
             The game lasted 00:11:17 (5605 turns).

gohu the Cleaver (Hill Orc Fighter)                 Turns: 5605, Time: 00:11:18

Health: -3/121     AC: 13    Str: 20 (23) XL:     9   Next: 68%
Magic:  11/12      EV: 13    Int:  5 (8)  God:    Okawaru [***...]
Gold:   383        SH:  5    Dex:  7 (10) Spells: 8/8 levels left

rFire   + . .      SeeInvis .    a - +0 war axe
rCold   . . .      Faith    .    c - +0 buckler
rNeg    . . .      Spirit   .    o - +0 chain mail
rPois   .          Reflect  .    (no helmet)
rElec   .          Rampage  .    r - +0 cloak
rCorr   .                        (no gloves)
Will    .....                    (no boots) Stlth
                                 (no amulet)
HPRegen 0.40/turn                h - +5 ring of evasion
MPRegen 0.13/turn                E - ring of protection from fire

@: berserking, heroic, very quick
A: no striking features
a: Renounce Religion, Heroism


You were on level 7 of the Dungeon.
You worshipped Okawaru.
Okawaru was most pleased with you.
You visited 2 branches of the dungeon, and saw 9 of its levels.

You collected 383 gold pieces.

Inventory:

Hand Weapons
 a - a +0 war axe (weapon)
Missiles
 q - 6 boomerangs
 v - a throwing net
 G - 6 silver javelins (quivered)
Armour
 b - a +0 scale mail
 c - a +0 buckler (worn)
 o - a +0 chain mail (worn)
 r - a +0 cloak (worn)
Jewellery
 h - a +5 ring of evasion (left hand)
 E - a ring of protection from fire (right hand)
Wands
 y - a wand of polymorph (11)
 C - a wand of digging (3)
Scrolls
 f - a scroll of amnesia
 g - a scroll of teleportation
 i - a scroll of enchant weapon
 n - 2 scrolls of vulnerability
 s - 5 scrolls of fog {unknown}
 u - 3 scrolls of blinking
 B - a scroll of torment
 D - a scroll of enchant armour
 H - a scroll of poison
Potions
 d - 2 potions of might
 e - 2 potions of degeneration
 j - a potion of berserk rage
 k - 2 potions of cancellation {unknown}
 m - 2 potions of lignification {unknown}
 p - a potion of heal wounds {unknown}
 t - a potion of invisibility {unknown}
 w - a potion of flight {unknown}
 x - 2 potions of mutation {unknown}
 z - a potion of ambrosia {unknown}
 A - a potion of magic {unknown}
 F - a potion of attraction {unknown}


   Skills:
 * Level 8.2(13.2) Fighting
 * Level 12.8(17.8) Axes
 + Level 6.0(11.0) Armour
 - Level 3.2(8.2) Shields
 * Level 4.5 Invocations


You had 8 spell levels left.
You didn't know any spells.
Your spell library contained the following spells:

 Spells                   Type           Power      Damage    Failure   Level
 Apportation              Tloc           0%         N/A       99%         1
 Beastly Appendage        Tmut           0%         N/A       99%         1
 Freeze                   Ice            0%         1d3       99%         1
 Necrotise                Necr           0%         1d4       99%         1
 Slow                     Hex            0%         N/A       99%         1
 Ensorcelled Hibernation  Hex/Ice        0%         N/A       100%        2
 Wereblood                Tmut           0%         N/A       100%        2
 Confusing Touch          Hex            0%         N/A       100%        3
 Frozen Ramparts          Ice            0%         1d1       100%        3
 Gell's Gravitas          Tloc           0%         N/A       100%        3
 Hailstorm                Conj/Ice       0%         3d3       100%        3
 Ozocubu's Armour         Ice            0%         N/A       100%        3
 Spider Form              Tmut/Pois      0%         N/A       100%        3
 Teleport Other           Tloc           0%         N/A       100%        3
 Vampiric Draining        Necr           0%         2d6       100%        3
 Anguish                  Hex/Necr       0%         N/A       100%        4
 Alistair's Intoxication  Tmut/Pois      0%         N/A       100%        5
 Dispersal                Tloc           0%         N/A       100%        6
 Ozocubu's Refrigeration  Ice            0%         4d7       100%        7
 Summon Small Mammal      Summ           Unusable   N/A       N/A         1

Dungeon Overview and Level Annotations

Branches:
Dungeon (8/15)             Temple (1/1) D:4
   Lair: D:8-11

Altars:
Ashenzari
Cheibriados
Dithmenos
Kikubaaqudgha
Makhleb
Nemelex Xobeh
Okawaru
Qazlal
Ru
Sif Muna
Uskayaw
Vehumet
Wu Jian
Xom
Yredelemnul
The Shining One


Message History

* * * LOW HITPOINT WARNING * * *
You see here a howler monkey corpse.
You hit the white imp.
The white imp is moderately wounded.
The white imp hits you but does no damage.
You barely miss the white imp.
The white imp is moderately wounded.
You hit the two-headed ogre but do no damage.
The two-headed ogre hits you with a +0 giant club!!
* * * LOW HITPOINT WARNING * * *
The two-headed ogre hits you with a +0 giant spiked club.
* * * LOW HITPOINT WARNING * * *
It was a potion of degeneration.
There was something very wrong with that liquid.
You feel weakened.
You feel dopey.
You feel clumsy.
The white imp hits you but does no damage.
It was a potion of berserk rage.
A red film seems to cover your vision as you go berserk!
You feel yourself moving faster!
You feel mighty! The two-headed ogre barely misses you.
The two-headed ogre closely misses you.
The white imp laughs crazily.
The white imp barely misses you.
You hit the two-headed ogre.
The two-headed ogre is heavily wounded.
You hit the white imp but do no damage. The white imp closely misses you.
You slash the two-headed ogre!
The two-headed ogre is severely wounded.
You slash the white imp!
You kill the white imp!
Okawaru accepts your kill. You block the two-headed ogre's attack.
The two-headed ogre misses you.
You hit the two-headed ogre.
The two-headed ogre is severely wounded.
You slash the two-headed ogre!
The two-headed ogre is almost dead.
You barely miss the two-headed ogre.
The two-headed ogre is almost dead.
The two-headed ogre misses you.
The two-headed ogre hits you with a +0 giant spiked club!
You die...

#.#.# #.##### ##.#.#
#.#.... #....##
#.#.###
...###....###.#.###
........#.)†.......
...####...###.#####
# ##.## #.#
#.#########.####..
#.hO@........#####
#.#########.!..#####
# #...<....#
##...###.# ##.## #.#
#.# #. ##


You could see a two-headed ogre and a wolf.

Vanquished Creatures
  Pikel (D:5)
  Sigmund (D:3)
  A water moccasin (D:6)
  Edmund (D:5)
  A sky beast (D:4)
  An orc warrior (D:5)
  A black bear (D:6)
  A wolf (D:7)
  A centaur (D:7)
  An ogre (D:5)
  A phantom (D:4)
  A kobold brigand (D:6)
  A bullfrog (D:6)
  2 gnoll sergeants (D:5)
  3 scorpions
  5 killer bees (D:7)
  4 howler monkeys
  A hound (D:5)
  A jelly (D:5)
  An orc priest (D:6)
  3 iguanas
  A sleepcap (D:6)
  An orc wizard (D:5)
  12 gnolls
  12 adders
  2 white imps
  An ufetubus (D:5)
  3 worms
  2 dart slugs
  7 orcs
  4 bats
  3 endoplasms
  A giant cockroach (D:2)
  5 hobgoblins
  2 quokkas
  3 ball pythons
  2 frilled lizards
  6 goblins
  8 kobolds
  25 rats
133 creatures vanquished.

Notes
Turn   | Place    | Note
-------+----------+-------------------------------------------
     0 | D:1      | gohu the Hill Orc Fighter began the quest for the Orb.
     0 | D:1      | Reached XP level 1. HP: 19/19 MP: 1/1
   209 | D:2      | Reached XP level 2. HP: 25/27 MP: 2/2
   616 | D:1      | Reached skill level 3 in Axes
   704 | D:2      | Reached XP level 3. HP: 30/34 MP: 3/3
  1169 | D:2      | Reached skill level 4 in Axes
  1191 | D:2      | Reached XP level 4. HP: 41/41 MP: 4/4
  1550 | D:3      | Found a faded altar of an unknown god.
  1738 | D:3      | Reached skill level 5 in Axes
  1739 | D:3      | Reached XP level 5. HP: 47/47 MP: 5/5
  1835 | D:3      | Found a shadowy altar of Dithmenos.
  1957 | D:3      | Noticed Sigmund
  1970 | D:3      | Killed Sigmund
  1971 | D:3      | Reached skill level 5 in Fighting
  1971 | D:3      | Reached skill level 6 in Axes
  1971 | D:3      | Reached XP level 6. HP: 34/56 MP: 6/6
  2048 | D:3      | Found an ancient bone altar of Kikubaaqudgha.
  2200 | D:3      | Found a sparkling altar of Nemelex Xobeh.
  2223 | D:4      | Noticed a sky beast
  2252 | D:5      | Entered Level 5 of the Dungeon
  2281 | D:4      | Found a staircase to the Ecumenical Temple.
  2290 | Temple   | Entered the Ecumenical Temple
  2340 | Temple   | Became a worshipper of Warmaster Okawaru
  2422 | D:4      | Reached skill level 7 in Axes
  2432 | D:4      | Killed a sky beast
  2433 | D:4      | Reached XP level 7. HP: 62/62 MP: 7/7
  2591 | D:4      | Reached skill level 8 in Axes
  2944 | D:5      | Found a burning altar of Makhleb.
  2951 | D:5      | Reached * piety under Okawaru
  3012 | D:5      | Reached skill level 9 in Axes
  3012 | D:5      | Reached skill level 1 in Invocations
  3237 | D:5      | Reached XP level 8. HP: 64/71 MP: 9/9
  3270 | D:5      | Found a stormy altar of Qazlal.
  3288 | D:5      | Noticed Edmund
  3305 | D:5      | Killed Edmund
  3488 | D:5      | Noticed Pikel
  3500 | D:5      | Killed Pikel
  3500 | D:5      | Reached ** piety under Okawaru
  3501 | D:5      | Reached skill level 10 in Axes
  3501 | D:5      | Reached skill level 5 in Armour
  3752 | D:5      | Reached skill level 11 in Axes
  4209 | D:6      | Reached XP level 9. HP: 68/79 MP: 11/11
  4759 | D:6      | Reached skill level 12 in Axes
  5040 | D:6      | Reached *** piety under Okawaru
  5563 | D:8      | Noticed a two-headed ogre
  5605 | D:7      | Slain by a two-headed ogre

Illustrated notes

Levels and vault maps discovered:
D:1:      dpeg_arrival_court, layout_rooms, serial_co_window_serial,
          co_window_paths_a, co_window_of_opportunity_a, co_window_paths_b,
          co_window_paths_a, co_window_of_opportunity_a, co_window_corner_b,
          co_window_broadway_b, co_window_broadway_c, co_window_2corner,
          co_window_2corner, glass_columns_a, glass_columns_a, glass_columns_c,
          glass_columns_a, glass_columns_a, st_stairs_10, patterned_corridor
D:2:      layout_rooms, minmay_rat_hole
D:3:      layout_rooms, nemelex_diamond_rough_becter, kiku_gazebo_pond_becter,
          mainiacjoe_overflow_alcove_2, shapermc_ecumenical_altar_totnotflames,
          uniq_sigmund
D:4:      layout_rooms, minmay_temple_entry_stoned_glass
D:5:      layout_basic, makhleb_heckhound_becter, grunt_qazlal_clouds,
          uniq_edmund, uniq_pikel
D:6:      layout_basic, minmay_fractal_squares_gapless_5
D:7:      layout_loops_ring, nrook_mini_backslash, uniq_joseph, uniq_maggie
D:8:      layout_basic, uniq_maurice, uniq_grum
Temple:   nicolae_temple_superstar

Skill      XL: |  1  2  3  4  5  6  7  8  9 |
---------------+----------------------------+-----
Fighting       | 4 5 6 7 8 |  8.2
Axes           | 3 4 5 6 7 9 11 12 | 12.8
Armour         | 4 5 6 |  6.0
Invocations    | 1 3 4 |  4.5
Shields        | |  3.2

Action                     |  1- 3 |  4- 6 |  7- 9 || total
---------------------------+-------+-------+-------++-------
  Melee: War axe           |    81 |   102 |   296 ||   479
  Throw: Boomerang         |       |       |     6 ||     6
 Invoke: Heroism           |       |       |     8 ||     8
    Use: Potion            |       |     1 |     2 ||     3
         Scroll            |       |       |     8 ||     8
 Armour: Scale mail        |    45 |    20 |       ||    65
         Chain mail        |       |    27 |    97 ||   124
  Dodge: Dodged            |    40 |    45 |   154 ||   239
  Block: Buckler           |    26 |    22 |    50 ||    98

Table legend: (Time is in decaauts)
 A = Elapsed time spent in this place.
 B = Non-inter-level travel time spent in this place.
 C = Inter-level travel time spent in this place.
 D = Time resting spent in this place.
 E = Time spent auto-exploring this place.
 F = Levels seen in this place.
 G = Mean time per level.
                   A        B        C        D        E       F      G
               +--------+--------+--------+--------+--------+-----+--------+
         Total |   5663 |   5368 |    295 |      0 |   4120 |   9 |  629.2 |
       Dungeon |   5599 |   5317 |    282 |      0 |   4120 |   8 |  699.9 |
        Temple |     63 |     50 |     13 |      0 |      0 |   1 |   63.0 |
               +--------+--------+--------+--------+--------+-----+--------+

Top non-repeatable levels by time:
     D:5: 1302 daAuts
     D:6: 1135 daAuts
     D:1: 991 daAuts
     D:3: 723 daAuts
     D:4: 610 daAuts
     D:2: 559 daAuts
     D:7: 265 daAuts
  Temple: 63 daAuts
     D:8: 10 daAuts
